 Dungeon Crawl Stone Soup version 0.28-a0-1506-g3893175d92 (webtiles) character file.

Game seed: 17471535132349376301

4071 Crabhammer the Arsonist (level 10, -2/81 HPs)
             Began as a Naga Fire Elementalist on Jan 13, 2022.
             Was a Priest of Cheibriados.
             Slain by a cyclops (7 damage)
             ... on level 11 of the Dungeon on Jan 14, 2022.
             The game lasted 00:59:59 (11277 turns).

Crabhammer the Arsonist (Naga Fire Elementalist)   Turns: 11277, Time: 00:59:59

Health: -2/81      AC: 10    Str: 21    XL:     10   Next: 25%
Magic:  12/21      EV: 10    Int: 27    God:    Cheibriados [***...]
Gold:   290        SH:  6    Dex: 23    Spells: 12/24 levels left

rFire   + . .      SeeInvis +   a - +6 dagger "Sisail" {venom, Str+2 Dex+3 SInv}
rCold   x . .      Faith    +   n - +0 buckler
rNeg    + . .      Spirit   .   s - +3 leather armour {Will+}
rPois   +          Reflect  .   G - +0 helmet
rElec   .          Harm     .   (no cloak)
rCorr   .          Rampage  .   y - +0 pair of gloves
Will    ++...                   (no barding)
Stlth   +++.......              x - amulet of faith
HPRegen 0.23/turn               i - ring of positive energy
MPRegen 0.17/turn               j - ring of fire

@: slowed, invisible, very slow
A: AC +3, large, see invisible, deformed body, poison resistance, slowness 2,
spit poison 1, naga tail 1
a: Spit Poison, Renounce Religion, Bend Time, Temporal Distortion


You were on level 11 of the Dungeon.
You worshipped Cheibriados.
Cheibriados was most pleased with you.
You visited 2 branches of the dungeon, and saw 12 of its levels.
You also visited: Sewer.

You collected 339 gold pieces.
You spent 49 gold pieces at shops.

Inventory:

Hand Weapons
 a - the +6 dagger "Sisail" (weapon) {venom, Str+2 Dex+3 SInv}
   (You found it on level 8 of the Dungeon)

   It poisons the flesh of those it strikes.
   Str:       It affects your strength (+2).
   Dex:       It affects your dexterity (+3).
   SInv:      It lets you see invisible.
 v - a +1 short sword of protection
 A - a +1 long sword
Armour
 n - a +0 buckler (worn)
 s - a +3 leather armour of willpower (worn)
 y - a +0 pair of gloves (worn)
 F - a +0 pair of gloves
 G - a +0 helmet (worn)
 H - +0 acid dragon scales
Magical Staves
 q - a staff of air
Jewellery
 i - a ring of positive energy (left hand)
 j - a ring of fire (right hand)
 x - an amulet of faith (around neck)
 z - an amulet of guardian spirit
 B - a ring of positive energy
 J - a ring of ice
Wands
 k - a wand of flame (15)
 I - a wand of acid (9)
Scrolls
 d - 6 scrolls of identify
 g - 9 scrolls of teleportation
 m - 3 scrolls of fog
 D - 3 scrolls of amnesia
 E - 2 scrolls of blinking
Potions
 b - a potion of might
 c - a potion of magic
 e - a potion of invisibility
 f - 2 potions of resistance {unknown}
 p - 2 potions of heal wounds {unknown}
 t - 2 potions of mutation {unknown}
 u - 6 potions of curing
 C - a potion of cancellation {unknown}


   Skills:
 + Level 2.6 Fighting
 + Level 2.8 Long Blades
 + Level 3.2 Armour
 + Level 2.5 Dodging
 - Level 3.0 Stealth
 + Level 3.3 Shields
 + Level 7.6 Spellcasting
 + Level 4.6 Conjurations
 + Level 8.6 Fire Magic
 + Level 0.1 Invocations


You had 12 spell levels left.
You knew the following spells:

 Your Spells              Type           Power      Damage    Failure   Level
a - Foxfire               Conj/Fire      100%       2x1d9     1%          1
b - Scorch                Fire           100%       2d10      1%          2
c - Mephitic Cloud        Conj/Pois/Air  18%        N/A       12%         3
d - Conjure Flame         Conj/Fire      62%        6-21      1%          3
e - Ignite Poison         Fire/Tmut/Pois 38%        N/A       7%          3

Your spell library contained the following spells:

 Spells                   Type           Power      Damage    Failure   Level
 Inner Flame              Hex/Fire       50%        N/A       4%          3
 Flame Wave               Conj/Fire      62%        2d10      4%          4
 Freezing Cloud           Conj/Ice/Air   9%         6-21      75%         5
 Chain Lightning          Conj/Air       11%        3d14      100%        9
 Fire Storm               Conj/Fire      31%        8d8       100%        9
 Shatter                  Erth           5%         3d8*      100%        9


Dungeon Overview and Level Annotations

Branches:
Dungeon (12/15)            Temple (1/1) D:5            Lair (0/6) D:8
  Sewer (visited)
    Orc: D:9-12

Altars:
Ashenzari
Cheibriados
Dithmenos
Elyvilon
Fedhas
Gozag
Hepliaklqana
Kikubaaqudgha
Makhleb
Okawaru
Qazlal
Ru
Sif Muna
Trog
Uskayaw
Vehumet
Wu Jian
Xom
Yredelemnul
Zin

Shops:
D:1 [   D:2 =:   D:6 [


Innate Abilities, Weirdness & Mutations

Your serpentine skin is tough. (AC +3)
You have supernaturally acute eyesight. (SInv)
Armour fits poorly on your strangely shaped body.
Your system is resistant to poisons. (rPois)
You cover ground very slowly.
You can spit poison.
You have a snake-like lower body.


Message History

Aiming: Spit Poison (1% risk of failure)
Press: ? - help, Shift-Dir - straight line, f - tengu warrior
Aim: a tengu warrior, wielding a +0 war axe, wearing a +0 ring mail and wearing a +0 kite shield (lightly wounded, more vulnerable to fire, 43% to hit)
The splash of poison misses the tengu warrior.
The tengu warrior is no longer more vulnerable to fire.
The tengu warrior hits you with a +0 war axe.
You block the tengu warrior's attack.
The tengu warrior claws you but does no damage.
As you read the scroll of teleportation, it crumbles to dust.
You feel strangely unstable.
The tengu warrior hits you with a +0 war axe!
* * * LOW HITPOINT WARNING * * *
The tengu warrior pecks you.
* * * LOW HITPOINT WARNING * * *
The tengu warrior claws you.
* * * LOW HITPOINT WARNING * * *
The tengu warrior closely misses you. You block the tengu warrior's attack.
The tengu warrior misses you.
Press: ? - help, v - describe, . - travel
Here: a tengu warrior, wielding a +0 war axe, wearing a +0 ring mail and wearing a +0 kite shield (lightly wounded)
The floor.
Unknown command.
As you read the scroll of fear, it crumbles to dust.
You assume a fearsome visage.
The tengu warrior looks frightened!
Your surroundings suddenly seem different. 4 orcs, a cyclops and a boulder beetle come into view.
An orc warrior is wielding a +1 vorpal trident.
Found a war axe and 2 bubbling blue potions.
The orc shouts!
The orc wizard shouts!
The cyclops shouts!
The cyclops hits you!
* * * LOW HITPOINT WARNING * * *
The orc shouts!
It was a potion of curing.
You feel better. The cyclops hits you!
* * * LOW HITPOINT WARNING * * *
The boulder beetle leaps!
You fade into invisibility!
You have got your breath back.
The cyclops completely misses you. The orc warrior closely misses you.
The orc wizard barely misses you. The cyclops hits you!
You die...

...
#.#######
#........
#........ #
#........
#.##B......!
#....oo)....
#@o......
#.Co.....
####...##
..# .# .. .


You could see a boulder beetle, a cyclops, an orc warrior, an orc wizard and 2
orcs.

Vanquished Creatures
  A wraith (D:11)
  A wyvern (D:7)
  2 steam dragons
  2 acid dragons (D:8)
  3 sky beasts
  A black bear (D:5)
  4 necrophages
  3 orc warriors
  An ogre (D:5)
  2 centaurs
  3 kobold brigands
  7 bullfrogs
  3 scorpions
  A wyvern skeleton (D:6)
  5 wights (D:8)
  A howler monkey (D:7)
  3 centaur zombies
  A hound (D:6)
  2 orc priests
  2 bullfrog skeletons (D:5)
  A jelly (D:6)
  3 centaur skeletons
  An iguana (D:6)
  5 orc wizards
  A killer bee zombie (D:5)
  A hound skeleton (D:4)
  A howler monkey zombie (D:9)
  A howler monkey skeleton (D:7)
  15 adders
  8 river rats (Sewer)
  3 white imps
  An ufetubus (D:4)
  5 dart slugs
  32 orcs
  8 bats
  4 endoplasms
  3 giant cockroaches
  4 goblins
  5 hobgoblins
  7 jackals
  14 kobolds
  5 quokkas
  19 ball pythons
  7 frilled lizards
  34 rats
236 creatures vanquished.

Vanquished Creatures (others)
  467 foxfires
  A plant (D:3)
468 creatures vanquished.

Grand Total: 704 creatures vanquished

Notes
Turn   | Place    | Note
-------+----------+-------------------------------------------
     0 | D:1      | Crabhammer the Naga Fire Elementalist began the quest for
                  | the Orb.
     0 | D:1      | Reached XP level 1. HP: 15/15 MP: 3/3
    93 | D:1      | Found Coicyom's Antique Armour Emporium.
   397 | D:1      | Reached XP level 2. HP: 22/22 MP: 3/5
   646 | D:1      | Learned a level 2 spell: Scorch
  1394 | D:2      | Reached XP level 3. HP: 16/28 MP: 1/6
  1544 | D:2      | Reached skill level 4 in Fire Magic
  1784 | D:2      | Reached XP level 4. HP: 20/36 MP: 2/8
  1967 | D:2      | Found Tabrulegar's Book Emporium.
  2143 | D:2      | Found Veggirch's Jewellery Shop.
  2761 | D:3      | Learned a level 3 spell: Conjure Flame
  2781 | D:3      | Reached XP level 5. HP: 42/42 MP: 3/9
  3219 | D:3      | Found a faded altar of an unknown god.
  3672 | D:3      | Noticed a necrophage
  3678 | D:3      | Killed a necrophage
  3679 | D:3      | Reached skill level 1 in Fighting
  3679 | D:3      | Reached XP level 6. HP: 38/51 MP: 0/11
  4186 | D:4      | Reached skill level 5 in Fire Magic
  4242 | D:4      | Reached skill level 1 in Long Blades
  4347 | D:4      | Reached XP level 7. HP: 52/57 MP: 8/13
  4432 | D:4      | Upgraded the game from 0.28-a0-1493-g08698888e4 to
                  | 0.28-a0-1506-g3893175d92
  4436 | D:4      | Learned a level 3 spell: Mephitic Cloud
  4440 | D:4      | Learned a level 3 spell: Ignite Poison
  4862 | D:5      | Entered Level 5 of the Dungeon
  4876 | D:5      | Reached skill level 1 in Armour
  5007 | D:5      | Found a staircase to the Ecumenical Temple.
  5045 | D:5      | Found a glowing drain.
  5054 | Sewer    | Entered a sewer
  5318 | Sewer    | Reached XP level 8. HP: 64/64 MP: 10/14
  5577 | Sewer    | Reached skill level 5 in Spellcasting
  5950 | D:5      | Found a broken altar of Ashenzari.
  5950 | D:5      | Found an iron altar of Okawaru.
  5957 | D:5      | Found a white marble altar of Elyvilon.
  5978 | Temple   | Entered the Ecumenical Temple
  6085 | D:5      | Found a snail-covered altar of Cheibriados.
  6103 | D:5      | Became a worshipper of Cheibriados the Contemplative
  6145 | D:5      | Reached skill level 6 in Fire Magic
  6956 | D:6      | Found a radiant altar of Vehumet.
  7049 | D:6      | Found Cuqeob's Armour Boutique.
  7055 | D:6      | Bought a +0 buckler for 49 gold pieces
  7478 | D:6      | Reached * piety under Cheibriados
  7479 | D:6      | Reached skill level 1 in Shields
  7479 | D:6      | Reached XP level 9. HP: 73/73 MP: 11/17
  8256 | D:7      | Reached skill level 7 in Fire Magic
  8684 | D:7      | Reached ** piety under Cheibriados
  9046 | D:8      | Found a bloodstained altar of Trog.
  9052 | D:8      | Identified the +6 dagger "Sisail" {venom, Str+2 Dex+3 SInv}
  9109 | D:8      | Found a burning altar of Makhleb.
 10007 | D:8      | Found a staircase to the Lair.
 10226 | D:8      | Found a shadowy altar of Dithmenos.
 10252 | D:8      | Reached skill level 8 in Fire Magic
 10252 | D:8      | Reached XP level 10. HP: 81/81 MP: 9/20
 10424 | D:9      | Reached *** piety under Cheibriados
 11231 | D:9      | You fall into a shaft and drop 3 floors!
 11265 | D:11     | Noticed a tengu warrior
 11274 | D:11     | Noticed a cyclops
 11274 | D:11     | Noticed a boulder beetle
 11275 | D:11     | HP: 4/81 [cyclops (9)]
 11277 | D:11     | Slain by a cyclops

Illustrated notes

Levels and vault maps discovered:
D:1:      dpeg_arrival_boxorama, layout_basic, serial_shops, shop
D:2:      layout_basic, serial_shops, shop, nicolae_shop_hallway_stairs,
          chequers_arboretum, minmay_misc_feat_iff
D:3:      minmay_razor_zed, layout_loops_ring,
          shapermc_ecumenical_altar_hornbeckon, grunt_decor_junction
D:4:      layout_cave_pools, minmay_close_crescents
D:5:      layout_basic, amcnicky_altar_gilded, grunt_temple_overflow_open,
          minmay_temple_entry_mist, portal_sewer_entry_d, corexii_corridor_pit
D:6:      layout_basic, mainiacjoe_overflow_brackets, serial_shops,
          nicolae_shop_behind_doors
D:7:      layout_basic
D:8:      layout_gridville, nicolae_overflow_crystal_walls, lemuel_tele_altar,
          grunt_dithmenos_smoke
D:9:      layout_loops_ring, kennysheep_small_circle
D:11:     layout_loops_cross, serial_shops, shop, ebering_ghost_funeral_grove,
          amcnicky_mini_corridor_feature, minivault_27, minmay_diced_spiral
D:12:     layout_gridville, grunt_tough_drop
Temple:   nicolae_temple_x_marks_the_god

Skill      XL: |  1  2  3  4  5  6  7  8  9 10 |
---------------+-------------------------------+-----
Fire Magic     | 4 5 6 8 |  8.6
Spellcasting   | 3 4 5 7 |  7.6
Fighting       | 1 2 |  2.6
Conjurations   | 2 3 4 |  4.6
Long Blades    | 1 2 |  2.8
Armour         | 2 3 |  3.2
Dodging        | 2 |  2.5
Shields        | 1 2 3 |  3.3
Stealth        | |  3.0
Invocations    | |  0.1

Action                   |  1- 3 |  4- 6 |  7- 9 | 10-12 || total
-------------------------+-------+-------+-------+-------++-------
Melee: Short sword       |    12 |     8 |    83 |       ||   103
       Falchion          |       |    41 |       |       ||    41
       Punch             |       |       |     1 |       ||     1
       Dagger            |       |       |    20 |    29 ||    49
 Cast: Foxfire           |    35 |    67 |   160 |    17 ||   279
       Scorch            |     8 |     8 |    63 |    18 ||    97
Invok: Temporal Distorti |       |       |       |     1 ||     1
 Abil: Spit Poison       |       |    27 |    26 |     7 ||    60
  Use: Scroll            |       |       |    12 |     4 ||    16
       Potion            |       |       |     2 |     5 ||     7
 Stab: Sleeping          |       |     1 |       |     4 ||     5
Armor: Robe              |     4 |    14 |       |       ||    18
       Leather armour    |       |     5 |    74 |    16 ||    95
Dodge: Dodged            |    11 |    51 |    73 |    13 ||   148
Block: Buckler           |       |       |    19 |    10 ||    29

Table legend: (Time is in decaauts)
 A = Elapsed time spent in this place.
 B = Non-inter-level travel time spent in this place.
 C = Inter-level travel time spent in this place.
 D = Time resting spent in this place.
 E = Time spent auto-exploring this place.
 F = Levels seen in this place.
 G = Mean time per level.
                   A        B        C        D        E       F      G
               +--------+--------+--------+--------+--------+-----+--------+
         Total |  15552 |  15018 |    534 |   3659 |   8290 |  13 | 1196.3 |
       Dungeon |  14439 |  13914 |    525 |   3222 |   8229 |  11 | 1312.6 |
        Temple |     77 |     69 |      8 |      0 |     61 |   1 |   77.0 |
         Sewer |   1035 |   1035 |      0 |    437 |      0 |   1 | 1035.0 |
               +--------+--------+--------+--------+--------+-----+--------+

Top non-repeatable levels by time:
     D:8: 1996 daAuts
     D:3: 1971 daAuts
     D:7: 1781 daAuts
     D:1: 1717 daAuts
     D:6: 1616 daAuts
     D:5: 1593 daAuts
     D:9: 1396 daAuts
     D:2: 1247 daAuts
   Sewer: 1035 daAuts
     D:4: 1034 daAuts
  Temple: 77 daAuts
    D:12: 44 daAuts
    D:11: 40 daAuts
